 Dungeon Crawl Stone Soup version 0.21.1-1-g345015fe64 (webtiles) character file.

1624 HessuHobo the Sharpshooter (level 8, -9/63 HPs)
             Began as a Centaur Hunter on May 25, 2018.
             Was a Follower of Okawaru.
             Mangled by an ogre
             ... wielding a +0 giant spiked club
              (25 damage)
             ... on level 5 of the Dungeon.
             The game lasted 00:15:58 (4850 turns).

HessuHobo the Sharpshooter (Centaur Hunter)         Turns: 4850, Time: 00:15:58

Health: -9/63      AC:  5    Str: 17    XL:     8   Next: 65%
Magic:  8/8        EV:  9    Int: 10    God:    Okawaru [*.....]
Gold:   300        SH:  3    Dex: 12    Spells: 7/7 levels left

rFire    x . .     SeeInvis .   a - +1 hand crossbow
rCold    + . .     Gourm    .   e - +0 buckler
rNeg     . . .     Faith    .   c - +1 leather armour
rPois    .         Spirit   .   (no helmet)
rElec    .         Reflect  .   (no cloak)
rCorr    .         Harm     .   (no gloves)
MR       .....     Clarity  +   (no barding)
Stlth    +.........             (no amulet)
HPRegen  0.20/turn              k - ring of ice
MPRegen  0.11/turn              (no ring)

@: very quick
A: large, hooves 3, clarity, deformed body, speed 2, strong 1, tough skin 3,
evolution 1
a: Heroism, Renounce Religion


You were on level 5 of the Dungeon.
You worshipped Okawaru.
Okawaru was aware of your devotion.
You were hungry.

You visited 2 branches of the dungeon, and saw 6 of its levels.

You collected 300 gold pieces.

Inventory:

Hand Weapons
 a - a +1 hand crossbow (weapon)
 b - a +0 short sword
 i - a +1 rapier of venom
Missiles
 q - 16 bolts (quivered)
Armour
 c - a +1 leather armour (worn)
 e - a +0 buckler (worn)
 h - a +0 ring mail
 r - a +0 animal skin
Jewellery
 k - a ring of ice (left hand)
Wands
 o - a wand of paralysis (24)
 p - a wand of enslavement (18)
 t - a wand of acid (11)
Scrolls
 d - 3 scrolls of teleportation {unknown}
 g - 3 scrolls of remove curse
 j - a scroll of amnesia
 m - 3 scrolls of identify
Potions
 n - a potion of flight
 s - a potion of ambrosia
Books
 l - a book of Misfortune

   Spells                             Type                      Level
   a - Confusing Touch                Hexes                        1
   b - Confuse                        Hexes                        3
   c - Gell's Gravitas                Translocation                3
   d - Petrify                        Transmutation/Earth          4
   e - Metabolic Englaciation         Hexes/Ice                    5
   f - Yara's Violent Unravelling     Hexes/Transmutation          5
Comestibles
 f - 10 rations


   Skills:
 + Level 3.4 Fighting
 * Level 15.2 Crossbows
 * Level 2.5 Dodging
 - Level 0.4 Stealth
 + Level 0.1 Shields


You had 7 spell levels left.
You didn't know any spells.

Dungeon Overview and Level Annotations

Branches:
Dungeon (5/15)             Temple (1/1) D:4

Altars:
Dithmenos
Fedhas
Gozag
Kikubaaqudgha
Makhleb
Okawaru
Sif Muna
Trog
Xom
Yredelemnul
Zin


Innate Abilities, Weirdness & Mutations

You have hooves in place of feet.
Armour fits poorly on your strangely shaped body.
You cover ground very quickly.
You have extremely tough skin. (AC +3)
You possess an exceptional clarity of mind.
Your muscles are strong. (Str +2)
You evolve.


Message History

You shoot a bolt. The bolt hits the ogre!
The ogre is heavily wounded.
The ogre barely misses you.
A centaur comes into view.
The centaur shouts!
The centaur wields a shortbow.
The centaur shoots an arrow.
The arrow hits you!
You see here an arrow.
Firing (i - inventory):
q - 17 bolts (quivered)
Press: ? - help, Shift-Dir - straight line, f/p - ogre
Aim: an ogre, wielding a giant spiked club (heavily wounded)
You shoot a bolt. The bolt hits the ogre!
The ogre is almost dead.
The ogre hits you with a giant spiked club!!
You are too injured to fight recklessly!
The centaur shoots an arrow.
The arrow hits you!
* * * LOW HITPOINT WARNING * * *
You see here an arrow.
You are too injured to fight recklessly!
The ogre hits you with a giant spiked club!!
You die...

#......................
#######.##.#.##########
#.##.....
#######.##...###
.............# #####
........###..# #....
######.......######.###
..#.(###............
#(#@.# #...#####....
#.##(#O####.#.#........
#....(..........######.
####.#.####.#.....# #.
...........#...## #.
###.#c#.... #...#####.
#.#.#.### #.........
#.#.# # #..######.
#.... ### #..# #.


You could see an ogre and a centaur.

Vanquished Creatures
  Pikel (D:4)
  The ghost of Moto the Chopper, an amateur MiBe of Trog (D:4)
  3 slaves (D:4)
  A centaur (D:5)
  A water moccasin zombie (D:3)
  4 orc priests
  A centaur skeleton (D:4)
  2 bullfrog skeletons (D:4)
  2 hounds
  An orc wizard (D:4)
  Jessica (D:3)
  Natasha (thrice) (D:3)
  A worker ant (D:5)
  A worker ant zombie (D:5)
  4 gnolls (D:4)
  5 adders
  A shadow imp (D:5)
  An ooze (D:1)
  3 dart slugs
  4 leopard geckos
  6 orcs
  A ball python (D:4)
  10 bats
  2 giant cockroaches
  7 goblins
  9 hobgoblins
  7 jackals
  2 kobolds (D:1)
  A quokka (D:2)
  2 frilled lizards (D:2)
  7 rats
95 creatures vanquished.

Notes
Turn   | Place    | Note
-------+----------+-------------------------------------------
     0 | D:1      | HessuHobo the Centaur Hunter began the quest for the Orb.
     0 | D:1      | Reached XP level 1. HP: 17/17 MP: 1/1
    70 | D:1      | Reached XP level 2. HP: 21/24 MP: 2/2
   134 | D:1      | Reached skill level 5 in Crossbows
   417 | D:1      | Reached XP level 3. HP: 29/29 MP: 3/3
   908 | D:2      | Found a deep blue altar of Sif Muna.
   999 | D:2      | Found a basalt altar of Yredelemnul.
  1000 | D:2      | Found an opulent altar of Gozag.
  1001 | D:2      | Found a shimmering altar of Xom.
  1159 | D:2      | Found a shadowy altar of Dithmenos.
  1509 | D:2      | Found a glowing silver altar of Zin.
  1509 | D:2      | Noticed an angel
  1583 | D:3      | Reached skill level 6 in Crossbows
  1583 | D:3      | Reached XP level 4. HP: 23/37 MP: 4/4
  1738 | D:3      | Gained mutation: You evolve. [potion of mutation]
  1738 | D:3      | Gained mutation: Your muscles are strong. (Str +2) [potion of mutation]
  1897 | D:3      | Reached XP level 5. HP: 42/42 MP: 5/5
  1901 | D:3      | Noticed Jessica
  1905 | D:3      | Killed Jessica
  2066 | D:3      | Noticed Natasha
  2070 | D:3      | Killed Natasha
  2194 | D:3      | Reached skill level 7 in Crossbows
  2408 | D:3      | Reached XP level 6. HP: 25/50 MP: 6/6
  2767 | D:3      | Noticed Natasha
  2769 | D:3      | Killed Natasha
  2861 | D:3      | Noticed Natasha
  2865 | D:3      | Killed Natasha
  2960 | D:3      | Reached skill level 14 in Crossbows
  2960 | D:3      | Reached XP level 7. HP: 56/56 MP: 7/7
  3002 | D:4      | Gained mutation: You possess an exceptional clarity of mind. [evolution]
  3190 | D:4      | Noticed Moto's ghost (amateur MiBe)
  3200 | D:4      | Killed Moto's ghost
  3643 | D:4      | Noticed Pikel
  3743 | D:4      | Reached skill level 15 in Crossbows
  3790 | D:4      | Reached XP level 8. HP: 37/62 MP: 8/8
  4032 | D:4      | Found a staircase to the Ecumenical Temple.
  4121 | Temple   | Entered the Ecumenical Temple
  4142 | Temple   | Became a worshipper of Warmaster Okawaru
  4304 | D:4      | Killed Pikel
  4304 | D:4      | Reached * piety under Okawaru
  4349 | D:4      | Found a burning altar of Makhleb.
  4443 | D:5      | Entered Level 5 of the Dungeon
  4850 | D:5      | Mangled by an ogre

Skill      XL: |  1  2  3  4  5  6  7  8 |
---------------+-------------------------+-----
Crossbows      | 5 6 7 14 15 | 15.2
Dodging        | 2 |  2.5
Fighting       | 3 |  3.4
Stealth        | |  0.4
Shields        | |  0.1

Action                   |  1- 3 |  4- 6 |  7- 9 || total
-------------------------+-------+-------+-------++-------
Melee: Hand crossbow     |     1 |       |    11 ||    12
       Rapier            |       |       |    15 ||    15
       Kick              |       |       |     7 ||     7
 Fire: Hand crossbow     |   122 |    91 |   107 ||   320
  Use: Scroll            |     5 |       |     1 ||     6
       Potion            |       |     7 |     3 ||    10
  Eat: Chunk             |       |     2 |       ||     2
       Ration            |       |     1 |     1 ||     2
Armor: Leather armour    |    28 |    12 |    17 ||    57
Dodge: Dodged            |    44 |    24 |    30 ||    98
Block: Buckler           |       |     2 |    10 ||    12
